 Dungeon Crawl Stone Soup version 0.24.0-28-g17ded55e90 (webtiles) character file.

Game seed: 11070873812979223383, levelgen mode: deterministic

39 Gumption the Grave Robber (level 3, -1/26 HPs)
             Began as a Demonspawn Necromancer on Nov 11, 2019.
             Was an Initiate of Makhleb.
             Slain by an ogre
             ... wielding a cursed -1 giant spiked club
              (14 damage)
             ... on level 4 of the Dungeon.
             The game lasted 00:13:52 (1955 turns).

Gumption the Grave Robber (Demonspawn Necromancer)  Turns: 1955, Time: 00:13:52

Health: -1/26      AC:  3    Str:  8    XL:     3   Next: 28%
Magic:  0/6        EV: 11    Int: 17    God:    Makhleb [......]
Gold:   15         SH:  0    Dex: 13    Spells: 1/6 levels left

rFire    . . .     SeeInvis .   a - +0 dagger
rCold    . . .     Gourm    .   (no shield)
rNeg     . . .     Faith    .   i - +0 leather armour
rPois    .         Spirit   .   (helmet restricted)
rElec    .         Reflect  .   (no cloak)
rCorr    .         Harm     .   (no gloves)
MR       .....                  (no boots)
Stlth    ++........             (no amulet)
HPRegen  0.08/turn              (no ring)
MPRegen  0.10/turn              (no ring)

@: very slightly contaminated
A: antennae 1
a: Renounce Religion


You were on level 4 of the Dungeon.
You worshipped Makhleb.
Makhleb was noncommittal.
You were not hungry.

You visited 1 branch of the dungeon, and saw 3 of its levels.

You collected 15 gold pieces.

Inventory:

Hand Weapons
 a - a +0 dagger (weapon)
 l - a +0 hunting sling
Missiles
 m - 31 stones (quivered)
Armour
 b - a +0 robe
 i - a +0 leather armour (worn)
Jewellery
 k - a cursed ring of attention {unknown}
 n - an uncursed ring of protection from fire {unknown}
Scrolls
 c - a scroll of enchant armour {unknown}
 f - a scroll of blinking {unknown}
 g - a scroll of identify {unknown}
Potions
 d - a potion of degeneration {unknown}
 j - a potion of ambrosia {unknown}
 o - a potion of berserk rage {unknown}
 p - a potion of lignification {unknown}
Comestibles
 e - 4 rations
 h - a chunk of flesh


   Skills:
 + Level 1.2 Fighting
 - Level 1.7 Dodging
 - Level 1.7 Stealth
 + Level 2.3 Spellcasting
 * Level 5.1 Necromancy


You had one spell level left.
You knew the following spells:

 Your Spells              Type           Power        Failure   Level  Hunger
a - Pain                  Necr           ###.         3%          1    #......
b - Animate Skeleton      Necr           N/A          3%          1    #......
c - Vampiric Draining     Necr           ###.......   10%         3    ###....

Your spell library contained the following spells:

 Spells                   Type           Power        Failure   Level  Hunger
 Regeneration             Chrm/Necr      ##........   28%         3    ###....
 Animate Dead             Necr           N/A          32%         4    #####..


Dungeon Overview and Level Annotations

Branches:
Dungeon (2/15)

Altars:
Cheibriados
Makhleb


Innate Abilities, Weirdness & Mutations

You have a pair of small antennae on your head.


Message History

You miscast Pain.
You are very lightly contaminated with residual magic.
Nothing appears to happen.
Casting: Pain (safe; 3% risk of failure)
Confirm with . or Enter, or press ? or * to list all spells.
Aiming: Pain (safe; 3% risk of failure)
Press: ? - help, Shift-Dir - straight line, f/p - ogre
Aim: an ogre, wielding a -1 giant spiked club (almost dead, chance to defeat MR: 78%)
The ogre writhes in agony.
The ogre hits you with a cursed -1 giant spiked club.
* * * LOW HITPOINT WARNING * * *
Casting: Pain (safe; 3% risk of failure)
Confirm with . or Enter, or press ? or * to list all spells.
Aiming: Pain (safe; 3% risk of failure)
Press: ? - help, Shift-Dir - straight line, f/p - ogre
Aim: an ogre, wielding a -1 giant spiked club (almost dead, chance to defeat MR: 78%)
The ogre barely resists.
The ogre hits you with a cursed -1 giant spiked club!
Ouch! That really hurt!
You die...

....... .......
....... .......
####.......
#.#........
#.........#
#..O...#
#..@...#
#.......##
........#....
........#......
....^#..##....#
....##### #.#.#
...# $..# ...
.#


You could see an ogre.

Vanquished Creatures
  A leopard gecko (D:2)
  A ball python (D:1)
  10 goblins
  2 hobgoblins (D:1)
  2 jackals (D:2)
  7 bats
  4 frilled lizards (D:1)
  6 kobolds (D:1)
  5 rats
38 creatures vanquished.

Vanquished Creatures (collateral kills)
  A giant cockroach (D:2)
1 creature vanquished.

Grand Total: 39 creatures vanquished

Notes
Turn   | Place    | Note
-------+----------+-------------------------------------------
     0 | D:1      | Gumption the Demonspawn Necromancer began the quest for the
                  | Orb.
     0 | D:1      | Reached XP level 1. HP: 13/13 MP: 3/3
     2 | D:1      | Learned a level 1 spell: Animate Skeleton
   368 | D:1      | Gained mutation: You have a pair of small antennae on your
                  | head. [demonic ancestry]
   368 | D:1      | Reached XP level 2. HP: 18/20 MP: 0/5
   813 | D:1      | Reached skill level 1 in Fighting
  1239 | D:1      | Reached skill level 5 in Necromancy
  1332 | D:1      | Reached XP level 3. HP: 26/26 MP: 4/6
  1356 | D:1      | Learned a level 3 spell: Vampiric Draining
  1703 | D:2      | Found a burning altar of Makhleb.
  1790 | D:2      | Became a worshipper of Makhleb the Destroyer
  1926 | D:2      | Found a snail-covered altar of Cheibriados.
  1946 | D:2      | You fall into a shaft and drop 2 floors!
  1947 | D:4      | Noticed an ogre
  1955 | D:4      | Slain by an ogre

Levels and vault maps discovered:
D:1:      grunt_arrival_crossed_arrows, layout_rooms
D:2:      wad_crossroads, layout_basic, lightli_temple_of_fire,
          lemuel_round_altar, serial_corexii_hall, chequers_hall_statues_wall_a,
          corexii_hall_statues_i, first_ration, supply_closet_lemuel,
          hangedman_decor_lopped
D:4:      layout_cave_pools, grunt_temple_overflow_gold_and_silver,
          grunt_dithmenos_smoke_and_mirrors

Skill      XL: |  1  2 |
---------------+-------+-----
Fighting       | 1 |  1.2
Necromancy     | 5 |  5.1
Dodging        | |  1.7
Stealth        | |  1.7
Spellcasting   | |  2.3

Action                   || total
-------------------------++-------
Melee: Whip              ||     8
       Dagger            ||    13
 Cast: Pain              ||    76
       Animate Skeleton  ||    13
 Stab: Sleeping          ||     1
  Eat: Chunk             ||     4
Armor: Robe              ||     7
       Leather armour    ||     8
Dodge: Dodged            ||    27
